 Dungeon Crawl Stone Soup version 0.22.1-1-ga44c0e56f4 (webtiles) character file.

16152 D1HalberdGnoll the Fighter (level 12, 0/113 HPs)
             Began as a Ghoul Ice Elementalist on Oct 31, 2018.
             Was a High Priest of Sif Muna.
             Slain by a black mamba (11 damage)
             ... on level 2 of the Lair of Beasts.
             The game lasted 00:50:29 (20809 turns).

D1HalberdGnoll the Fighter (GhIE)                  Turns: 20809, Time: 00:50:30

Health: 0/113      AC: 13    Str: 13    XL:     12   Next: 34%
Magic:  3/27       EV: 12    Int: 14    God:    Sif Muna [*****.]
Gold:   705        SH:  5    Dex: 12    Spells: 10/21 levels left

rFire    . . .     SeeInvis .   t - +5 flail of Nalot {freeze, MP+9 Dex+3}
rCold    + . .     Gourm    .   n - +0 buckler (curse)
rNeg     + + +     Faith    .   B - +2 leather armour of Bad Feelings {rElec}
rPois    ∞         Spirit   .   m - +1 helmet
rElec    +         Reflect  .   o - +0 cloak
rCorr    .         Harm     .   r - +0 pair of gloves
MR       .....                  u - +2 pair of boots
Stlth    ++........             v - amulet of the acrobat
HPRegen  0.00/turn              (no ring)
MPRegen  0.20/turn              (no ring)

@: very slightly contaminated, rotting
A: rotting body, claws 1, carnivore, cold resistance 1, negative energy
resistance 3, inhibited regeneration, torment resistance, unbreathing
a: Divine Energy, Channel Magic, Forget Spell, Renounce Religion


You were on level 2 of the Lair of Beasts.
You worshipped Sif Muna.
Sif Muna was extremely pleased with you.
You were not hungry.

You visited 3 branches of the dungeon, and saw 14 of its levels.

You collected 735 gold pieces.
You spent 30 gold pieces at shops.

Inventory:

Hand Weapons
 a - the +1 spear of Defence {drain, rC- MR+ Dex+6}
   (You found it on level 8 of the Dungeon)

   A truly terrible weapon, it drains the life of those it strikes.
   It affects your dexterity (+6).
   It makes you vulnerable to cold.
   It affects your resistance to hostile enchantments.
 t - the +5 flail of Nalot (weapon) {freeze, MP+9 Dex+3}
   (You took it off an orc on level 10 of the Dungeon)

   It has been specially enchanted to freeze those struck by it, causing extra
   injury to most foes and up to half again as much damage against particularly
   susceptible opponents.
   It can also slow down cold-blooded creatures.
   It affects your dexterity (+3).
   It affects your magic capacity (+9).
Armour
 m - a +1 helmet (worn)
 n - a cursed +0 buckler (worn)
 o - a +0 cloak (worn)
 r - a +0 pair of gloves (worn)
 u - a +2 pair of boots (worn)
 B - the +2 leather armour of Bad Feelings (worn) {rElec}
   (You found it on level 8 of the Dungeon)

   It insulates you from electricity.
 E - a +2 pair of gloves of strength
 I - a +2 pair of gloves
Jewellery
 i - an uncursed amulet of rage {unknown}
 v - an amulet of the acrobat (around neck)
 M - an uncursed ring of resist corrosion {unknown}
Wands
 h - a wand of paralysis (11)
 s - a wand of acid (8)
 x - a wand of iceblast (15)
 G - a wand of enslavement (15)
 J - a wand of clouds (6)
Scrolls
 b - 4 scrolls of enchant armour
 d - 3 scrolls of remove curse
 e - 2 scrolls of fear
 g - 4 scrolls of teleportation
 j - 4 scrolls of amnesia
 q - a scroll of vulnerability
 y - 8 scrolls of identify
 C - a scroll of blinking
 D - a scroll of enchant weapon
 F - a scroll of noise
 H - a scroll of summoning
Potions
 f - a potion of flight {unknown}
 k - 2 potions of agility
 p - 2 potions of cancellation {unknown}
 w - a potion of resistance {unknown}
 z - a potion of brilliance {unknown}
 A - a potion of might
 K - 3 potions of degeneration {unknown}
 L - 2 potions of berserk rage {unknown}
Comestibles
 c - 14 rations
 l - 4 chunks of flesh


   Skills:
 + Level 12.9 Fighting
 + Level 4.4 Armour
 - Level 2.5 Dodging
 - Level 2.1 Stealth
 - Level 4.0 Shields
 - Level 5.0 Spellcasting
 - Level 5.0 Conjurations
 - Level 5.2 Summonings
 * Level 11.0 Ice Magic


You had 10 spell levels left.
You knew the following spells:

 Your Spells              Type           Power        Failure   Level  Hunger
a - Freeze                Ice            ####         1%          1    None
b - Throw Frost           Conj/Ice       ####..       1%          2    ##.....
c - Throw Icicle          Conj/Ice       ####....     8%          4    ####...
d - Summon Ice Beast      Ice/Summ       ####....     8%          4    ####...

Your spell library contained the following spells:

 Spells                   Type           Power        Failure   Level  Hunger
 Ozocubu's Armour         Chrm/Ice       ###.....     7%          3    ###....
 Static Discharge         Conj/Air       ##......     22%         3    ###....
 Passwall                 Tmut/Erth      #.......     32%         2    ##.....
 Swiftness                Chrm/Air       #.......     32%         2    ##.....
 Cause Fear               Hex            #.........   91%         4    ####...
 Passage of Golubria      Tloc           N/A          91%         4    ####...
 Lightning Bolt           Conj/Air       ##........   91%         5    ######.
 Lee's Rapid Deconstruct  Erth           #.........   99%         5    ######.
 Silence                  Hex/Air        #.........   99%         5    ######.
 Yara's Violent Unravell  Hex/Tmut       #.........   99%         5    ######.
 Darkness                 Hex            #.........   100%        6    #######
 Deflect Missiles         Chrm/Air       #.........   100%        6    #######
 Invisibility             Hex            #.......     100%        6    #######
 Discord                  Hex            #.........   100%        8    #######
 Ignition                 Fire           #.........   100%        8    #######
 Shatter                  Erth           #.........   100%        9    #######
 Tornado                  Air            #.........   100%        9    #######


Dungeon Overview and Level Annotations

Branches:
Dungeon (10/15)            Temple (1/1) D:7            Lair (3/6) D:9
    Orc (0/2) D:10
  Swamp: Lair:2-4    Shoals: Lair:2-4     Snake: Lair:2-4    Spider: Lair:2-4

Altars:
Ashenzari
Cheibriados
Dithmenos
Elyvilon
Fedhas
Gozag
Hepliaklqana
Kikubaaqudgha
Makhleb
Nemelex Xobeh
Okawaru
Qazlal
Ru
Sif Muna
Trog
Uskayaw
Vehumet
Wu Jian
Xom
Yredelemnul
Zin
The Shining One

Shops:
D:5 =   D:8 *   D:10 %

Annotations:
D:3 exclusion: 2 downstairs
D:7 exclusions: door and downstairs
D:9 exclusion: downstairs
Lair:1 exclusion: downstairs


Innate Abilities, Weirdness & Mutations

Your body is rotting away.
You thrive on raw meat.
You are immune to poison.
You have sharp fingernails.
You are carnivorous and can eat meat at any time.
Your flesh is cold resistant. (rC+)
You are immune to negative energy. (rN+++)
You do not regenerate when monsters are visible.
You are immune to unholy pain and torment.
You can survive without breathing.


Message History

Casting: Summon Ice Beast (safe; 8% risk of failure)
Confirm with . or Enter, or press ? or * to list all spells.
A chill wind blows around you.
Your ice beast barely misses the black mamba.
Casting: Summon Ice Beast (safe; 8% risk of failure)
Confirm with . or Enter, or press ? or * to list all spells.
Aiming: Throw Icicle (safe; 8% risk of failure)
Press: ? - help, Shift-Dir - straight line, f - black mamba
Aim: a black mamba (heavily wounded) Really fire in your ice beast's direction?
Okay, then.
Casting: Throw Icicle (safe; 8% risk of failure)
Confirm with . or Enter, or press ? or * to list all spells.
Aiming: Freeze (safe; 1% risk of failure)
Press: ? - help, Shift-Dir - straight line, f/p - black mamba
Aim: a black mamba (heavily wounded)
You freeze the black mamba.
The black mamba is severely wounded.
The black mamba bites you!
You die...

### ###############.# ###### ##
#.#P.#P.##.#.##.###P#..#########.
.........................>.......
................@S..Y....>.....Y.
.....)...........................
...................>.............
#.....P#.###.###P.#######.#######
......#### #.# #### ### # .....##
### #....## #.....# #....##


You could see a black mamba and a friendly ice beast.

Vanquished Creatures
  Snorg (D:10)
  A hydra (Lair:2)
  Pikel (D:8)
  A cyclops (D:10)
  2 black mambas
  A gargoyle (D:8)
  3 spiny frogs (Lair:1)
  3 komodo dragons
  A rime drake (Lair:2)
  A troll (D:9)
  A hornet (D:10)
  A hippogriff (Lair:2)
  A blink frog (Lair:2)
  6 yaks (Lair:1)
  A human (D:7)
  Grum (D:9)
  3 water moccasins
  5 porcupines
  An ice beast (D:9)
  3 slaves (D:8)
  A black bear (D:6)
  5 ogres
  A sky beast (D:6)
  5 orc warriors
  4 wolves (D:9)
  2 phantoms
  7 crocodiles
  A big kobold (D:9)
  5 centaurs
  8 bullfrogs
  2 wyvern skeletons
  2 scorpions
  6 killer bees (D:7)
  3 howler monkeys
  7 electric eels
  4 hounds
  2 jellies
  3 crimson imps
  3 bullfrog skeletons
  14 orc priests
  12 orc wizards
  2 iguanas
  2 centaur skeletons
  2 worker ants
  A hound zombie (D:5)
  2 hound skeletons
  A worker ant zombie (D:9)
  A howler monkey zombie (D:6)
  4 gnolls (D:3)
  A howler monkey skeleton (D:8)
  10 adders
  A shadow imp (D:8)
  5 worms
  A dart slug (D:3)
  10 leopard geckos
  49 orcs
  7 giant cockroaches
  6 goblins
  11 hobgoblins
  7 jackals
  4 quokkas
  3 ball pythons (D:2)
  8 bats
  4 frilled lizards
  14 kobolds
  7 rats
298 creatures vanquished.

Vanquished Creatures (collateral kills)
  Gastronok (D:8)
  A hydra (Lair:1)
  A black mamba (Lair:2)
  3 spiny frogs
  3 blink frogs (Lair:2)
  A basilisk (Lair:2)
  A water moccasin (Lair:2)
  An ogre (D:10)
  2 crocodiles (Lair:2)
  A big kobold (D:10)
  2 bullfrogs (Lair:2)
  2 orc priests (D:10)
  2 iguanas (Lair:2)
  An orc wizard (D:10)
  A hound skeleton (D:10)
  An orc (D:10)
  2 kobolds (D:10)
26 creatures vanquished.

Vanquished Creatures (others)
  A bush (Lair:2)
  6 fungi (Lair:2)
  7 plants (Lair:2)
14 creatures vanquished.

Grand Total: 338 creatures vanquished

Notes
Turn   | Place    | Note
-------+----------+-------------------------------------------
     0 | D:1      | D1HalberdGnoll the Ghoul Ice Elementalist began the quest
                  | for the Orb.
     0 | D:1      | Reached XP level 1. HP: 14/14 MP: 2/2
   183 | D:1      | Reached XP level 2. HP: 1/21 MP: 0/3
   444 | D:1      | Learned a level 2 spell: Throw Frost
   979 | D:1      | Reached skill level 1 in Fighting
  1121 | D:1      | Reached XP level 3. HP: 24/26 MP: 0/5
  1775 | D:2      | Found a hazy altar of Hepliaklqana.
  1924 | D:2      | Found an iron altar of Okawaru.
  1924 | D:2      | Found a glowing silver altar of Zin.
  1925 | D:2      | Found a deep blue altar of Sif Muna.
  1941 | D:2      | Became a worshipper of Sif Muna the Loreminder
  1999 | D:2      | Reached XP level 4. HP: 33/35 MP: 0/6
  3092 | D:3      | Reached XP level 5. HP: 41/41 MP: 2/7
  3421 | D:3      | Reached skill level 2 in Fighting
  3506 | D:3      | Reached skill level 5 in Ice Magic
  3848 | D:3      | Reached XP level 6. HP: 40/50 MP: 2/9
  3963 | D:3      | Found a stormy altar of Qazlal.
  4242 | D:4      | Noticed an orc warrior
  4439 | D:4      | Reached * piety under Sif Muna
  4480 | D:4      | Reached skill level 3 in Fighting
  4624 | D:4      | Reached XP level 7. HP: 26/57 MP: 6/10
  5251 | D:4      | Found an ornate altar of the Wu Jian Council.
  5865 | D:4      | Found a shadowy altar of Dithmenos.
  6162 | D:5      | Entered Level 5 of the Dungeon
  6163 | D:5      | Found a shimmering altar of Xom.
  6203 | D:5      | Reached skill level 4 in Fighting
  6263 | D:5      | Reached ** piety under Sif Muna
  6282 | D:5      | Reached XP level 8. HP: 45/66 MP: 0/12
  6605 | D:5      | Found Jiyfusch's Jewellery Shop.
  7241 | D:6      | Reached skill level 5 in Fighting
  7914 | D:6      | HP: 3/69 [bullfrog (1)]
  8713 | D:7      | Learned a level 4 spell: Throw Icicle
  8764 | D:7      | Found a staircase to the Ecumenical Temple.
  8803 | D:7      | Reached XP level 9. HP: 73/75 MP: 9/15
  8816 | D:7      | Learned a level 4 spell: Summon Ice Beast
  8846 | D:7      | Got a jewelled leather armour
  8856 | D:7      | Found a stormy altar of Qazlal.
  9009 | D:7      | Reached *** piety under Sif Muna
  9009 | D:7      | Reached skill level 6 in Fighting
  9126 | D:7      | Reached skill level 5 in Spellcasting
  9431 | D:7      | Reached skill level 10 in Ice Magic
  9798 | D:7      | Reached skill level 7 in Fighting
 10004 | D:7      | Got a scintillating wooden ring
 10005 | D:7      | Identified the +1 leather armour "Neip" {SInv} (You found
                  | it on level 7 of the Dungeon)
 10006 | D:7      | Identified the ring "Gigicze" {rElec rF+ Str+2 Int-5 Dex+4}
                  | (You found it on level 7 of the Dungeon)
 10357 | D:8      | Got a transparent spear
 10358 | D:8      | Identified the +1 spear of Defence {drain, rC- MR+ Dex+6}
                  | (You found it on level 8 of the Dungeon)
 10435 | D:8      | Noticed Gastronok
 10755 | D:8      | Reached skill level 8 in Fighting
 11070 | D:8      | Noticed Pikel
 11323 | D:8      | Got a spiked leather armour
 11370 | D:8      | Noticed a gargoyle
 11721 | D:8      | Found Feal's General Store.
 11723 | D:8      | Bought a scroll of identify for 30 gold pieces
 11723 | D:8      | Identified the +2 leather armour of Bad Feelings {rElec}
                  | (You found it on level 8 of the Dungeon)
 12215 | D:8      | Killed a gargoyle
 12215 | D:8      | Reached skill level 9 in Fighting
 12215 | D:8      | Reached XP level 10. HP: 55/91 MP: 7/16
 12381 | D:9      | Noticed Grum
 12404 | D:9      | Killed Grum
 12404 | D:9      | Reached skill level 10 in Fighting
 13020 | D:9      | Found a staircase to the Lair.
 13595 | D:9      | Reached skill level 11 in Fighting
 13808 | D:10     | Entered Level 10 of the Dungeon
 14071 | D:10     | Found Fumuw's Food Emporium.
 14079 | D:10     | Noticed Snorg
 14334 | D:10     | Noticed a cyclops
 14336 | D:10     | Reached skill level 1 in Shields
 14336 | D:10     | Reached skill level 1 in Summonings
 14497 | D:10     | Killed Snorg
 15228 | D:10     | Reached **** piety under Sif Muna
 15473 | D:10     | Reached XP level 11. HP: 35/101 MP: 1/17
 15712 | D:10     | Found a staircase to the Orcish Mines.
 15988 | D:10     | Got an ichor-stained flail {freeze}
 15989 | D:10     | Identified the +5 flail of Nalot {freeze, MP+9 Dex+3} (You
                  | took it off an orc on level 10 of the Dungeon)
 16129 | D:10     | Killed a cyclops
 16129 | D:10     | Reached skill level 5 in Summonings
 16647 | Temple   | Entered the Ecumenical Temple
 16993 | D:8      | Killed Gastronok
 17362 | D:8      | Killed Pikel
 17733 | Lair:1   | Entered Level 1 of the Lair of Beasts
 17783 | Lair:1   | Reached skill level 12 in Fighting
 18047 | Lair:1   | Noticed an eight-headed hydra
 18088 | Lair:1   | Killed an eight-headed hydra
 18088 | Lair:1   | Reached skill level 1 in Armour
 18838 | Lair:1   | Reached ***** piety under Sif Muna
 19135 | Lair:1   | Reached skill level 5 in Conjurations
 19537 | Lair:2   | Reached XP level 12. HP: 86/111 MP: 12/18
 20069 | Lair:2   | Noticed an eight-headed hydra
 20568 | Lair:2   | Killed an eight-headed hydra
 20568 | Lair:2   | Received a gift from Sif Muna
 20809 | Lair:2   | Slain by a black mamba

Skill      XL: |  1  2  3  4  5  6  7  8  9 10 11 12 |
---------------+-------------------------------------+-----
Dodging        | 2 |  2.5
Spellcasting   | 2 3 4 5 |  5.0
Fighting       | 1 2 3 4 5 9 11 12 | 12.9
Ice Magic      | 4 5 6 7 9 10 11 | 11.0
Shields        | 3 4 |  4.0
Summonings     | 4 5 |  5.2
Conjurations   | 5 |  5.0
Armour         | 3 4 |  4.4
Stealth        | |  2.1

Action                   |  1- 3 |  4- 6 |  7- 9 | 10-12 || total
-------------------------+-------+-------+-------+-------++-------
Melee: Unarmed           |    59 |   158 |   215 |       ||   432
       Spear             |       |       |    93 |   224 ||   317
       Flail             |       |       |       |    97 ||    97
 Cast: Freeze            |    43 |    93 |   178 |   201 ||   515
       Throw Frost       |    11 |    23 |    85 |    56 ||   175
       Throw Icicle      |       |       |    10 |    54 ||    64
       Summon Ice Beast  |       |       |       |    30 ||    30
Evoke: Wand              |       |       |     6 |    10 ||    16
  Use: Potion            |       |     1 |     5 |     1 ||     7
       Scroll            |       |       |    22 |    10 ||    32
 Stab: Sleeping          |       |       |       |     1 ||     1
  Eat: Chunk             |    10 |    20 |    46 |    61 ||   137
       Ration            |       |       |       |     4 ||     4
Armor: Robe              |    25 |    47 |   120 |       ||   192
       Leather armour    |       |       |    32 |   190 ||   222
Dodge: Dodged            |    76 |   130 |   292 |   330 ||   828
Block: Buckler           |       |       |       |   102 ||   102
